 Dungeon Crawl Stone Soup version 0.30-a0-365-ge7f957f1db (webtiles) character file.

Game seed: 14981009285705349240

42 qeuew the Trooper (level 3, -1/29 HPs)
             Began as a Demonspawn Chaos Knight on Nov 17, 2022.
             Was a Plaything of Xom.
             Slain by a worm (7 damage)
             ... on level 2 of the Dungeon.
             The game lasted 00:01:15 (1203 turns).

qeuew the Trooper (Demonspawn Chaos Knight)         Turns: 1203, Time: 00:01:16

Health: -1/29      AC:  5    Str: 14    XL:     3   Next: 35%
Magic:  3/3        EV: 11    Int: 13    God:    Xom [..*...]
Gold:   106        SH:  4    Dex: 12    Spells: 2/2 levels left

rFire   . . .      SeeInvis .    a - +0 spear (chaos)
rCold   . . .      Faith    .    (no shield)
rNeg    . . .      Spirit   .    b - +2 leather armour
rPois   .          Reflect  .    (no helmet)
rElec   .          Harm     .    (no cloak)
rCorr   .          Rampage  .    (no gloves)
Will    +....                    (no boots)
Stlth   +.........               (no amulet)
HPRegen 0.24/turn                (no ring)
MPRegen 0.08/turn                (no ring)

@: unable to read
A: ignite blood 1, large bone plates 1, strong-willed 1, inability to read after
injury 1
a: Renounce Religion


You were on level 2 of the Dungeon.
You worshipped Xom.
You were a toy of Xom.
You visited 1 branch of the dungeon, and saw 2 of its levels.

You collected 106 gold pieces.

Inventory:

Hand Weapons
 a - a +0 spear of chaos (weapon)
Armour
 b - a +2 leather armour (worn)
Scrolls
 e - 2 scrolls of magic mapping
Miscellaneous
 c - a piece from Xom's chessboard (15/15) (quivered)


   Skills:
 + Level 3.2 Fighting
 + Level 2.9 Polearms
 * Level 2.3 Armour
 + Level 1.3 Dodging
 + Level 1.1 Evocations


You had 2 spell levels left.
You didn't know any spells.
Your spell library was empty.

Dungeon Overview and Level Annotations

Branches:
Dungeon (2/15)

Altars:


Innate Abilities, Weirdness & Mutations

Your demonic aura sometimes causes spilled blood to erupt in flames.
You are partially covered in large bone plates. (SH +4)
You are strong-willed. (Will+)
You occasionally lose the ability to read scrolls when taking damage.


Message History

You miss the adder.
The adder is almost dead.
You kill the adder!
The kobold hits you with a +0 short sword.
You hit the kobold.
You kill the kobold!
Things that are here:
a +0 short sword; 4 stones; a kobold corpse You barely miss the worm.
You hit the worm.
The worm flickers and vanishes!
Deactivating autopickup; reactivate with Ctrl-A.
Something bites you but does no damage.
No target in view!
No target in view!
No target in view!
No target in view!
No target in view!
No target in view!
No target in view!
No target in view!
No target in view!
No target in view!
No target in view!
No target in view!
No target in view!
No target in view!
You barely miss something. You hit something. You burn something.
Something bites you.
You closely miss something. You hit something. Something bites you.
You barely miss something. Something bites you!
You hit something. You barely miss something.
There is a fountain of clear blue water here.
Something bites you!
* * * LOW HITPOINT WARNING * * *
Something bites you!
You feel threatened and lose the ability to read scrolls!
You die...
Xom yawns loudly!

##.#
....
.⌠.
..
###.
##..#
#...#
#.@.#
#.).#
##<##
###


There were no monsters in sight!

Vanquished Creatures
  An adder (D:2)
  3 ball pythons (D:1)
  2 bats (D:1)
  4 endoplasms (D:1)
  A giant cockroach (D:1)
  4 hobgoblins (D:1)
  3 jackals (D:1)
  3 kobolds
  A quokka (D:1)
  2 frilled lizards (D:1)
  2 goblins (D:1)
  4 rats (D:1)
30 creatures vanquished.

Notes
Turn   | Place    | Note
-------+----------+-------------------------------------------
     0 | D:1      | qeuew the Demonspawn Chaos Knight began the quest for the
                  | Orb.
     0 | D:1      | Reached XP level 1. HP: 18/18 MP: 1/1
   115 | D:1      | Reached skill level 1 in Dodging
   226 | D:1      | Gained mutation: Your demonic aura sometimes causes spilled
                  | blood to erupt in flames. [demonic ancestry]
   226 | D:1      | Reached XP level 2. HP: 22/24 MP: 2/2
   547 | D:1      | XOM: noise
   957 | D:1      | XOM: cloud trail
   966 | D:1      | Reached skill level 1 in Evocations
   996 | D:1      | XOM: divination: magic mapping
  1011 | D:1      | Reached XP level 3. HP: 25/29 MP: 3/3
  1154 | D:1      | Gained mutation: You are partially covered in large bone
                  | plates. (SH +4) [potion of mutation]
  1154 | D:1      | Gained mutation: You occasionally lose the ability to read
                  | scrolls when taking damage. [potion of mutation]
  1154 | D:1      | Gained mutation: You are strong-willed. (Will+) [potion of
                  | mutation]
  1175 | D:2      | XOM: noise
  1203 | D:2      | Slain by a worm

Illustrated notes

Levels and vault maps discovered:
D:1:      kilobyte_arrival_exit_the_forest, layout_basic, corexii_hall_statues_t
D:2:      layout_loops_ring, basic_altar, ebering_ecumenical_altar_rust,
          nrook_uturn, st_stairs_8, grunt_ministairs_4

Skill      XL: |  1  2 |
---------------+-------+-----
Dodging        | 1 |  1.3
Armour         | 2 |  2.3
Evocations     | 1 |  1.1
Fighting       | |  3.2
Polearms       | |  2.9

Action                   || total
-------------------------++-------
Melee: Spear             ||   108
       Punch             ||     1
  Use: Scroll            ||     1
       Potion            ||     1
Armor: Leather armour    ||    32
Dodge: Dodged            ||    39
Block: Other             ||     1

Table legend: (Time is in decaauts)
 A = Elapsed time spent in this place.
 B = Non-inter-level travel time spent in this place.
 C = Inter-level travel time spent in this place.
 D = Time resting spent in this place.
 E = Time spent auto-exploring this place.
 F = Levels seen in this place.
 G = Mean time per level.
                   A        B        C        D        E       F      G
               +--------+--------+--------+--------+--------+-----+--------+
         Total |   1206 |   1184 |     22 |      0 |   1013 |   2 |  603.0 |
       Dungeon |   1206 |   1184 |     22 |      0 |   1013 |   2 |  603.0 |
               +--------+--------+--------+--------+--------+-----+--------+

Top non-repeatable levels by time:
     D:1: 1180 daAuts
     D:2: 26 daAuts
